 Dungeon Crawl Stone Soup version 0.26-a0-710-g95a0c6c400 (webtiles) character file.

Game seed: 7746811322661108377

170891 ringo67 the Unseen (level 18, -5/118 HPs)
             Began as a Kobold Enchanter on Oct 30, 2020.
             Was the Champion of Dithmenos.
             Drowned by a drowned soul (14 damage)
             ... summoned by a merfolk avatar
             ... on level 3 of the Shoals on Oct 31, 2020.
             The game lasted 02:41:42 (51104 turns).

ringo67 the Unseen (Kobold Enchanter)              Turns: 51104, Time: 02:41:42

Health: -5/118     AC: 26    Str: 16    XL:     18   Next: 64%
Magic:  17/30      EV: 44    Int: 18    God:    Dithmenos [******]
Gold:   2637       SH:  7    Dex: 23    Spells: 20/33 levels left

rFire    x . .     SeeInvis +   b - +1 demon whip (drain)
rCold    x . .     Faith    .   k - +0 buckler
rNeg     . . .     Spirit   .   I - +3 swamp dragon scales
rPois    +         Reflect  .   Q - +2 hat
rElec    .         Harm     .   i - scarf {+Inv}
rCorr    .         Rampage  .   V - +5 pair of gloves of Courage {rPois rF- Str+4 Dex+2}
MR       +....                  R - +2 pair of boots of Death Resistance {+Blink +Inv rC- SInv}
Stlth    +++++++...             f - amulet of the acrobat
HPRegen  0.29/turn              n - +6 ring of strength
MPRegen  0.22/turn              J - +4 ring of protection

@: acrobat, mesmerised, wreathed by umbra, very slow
A: small, nightstalker 3
a: Shadow Step, Shadow Form, Renounce Religion, Evoke Blink, Evoke Invisibility


You were on level 3 of the Shoals.
You worshipped Dithmenos.
Dithmenos was exalted by your worship.
You visited 5 branches of the dungeon, and saw 30 of its levels.
You also visited: Gauntlet.

You collected 3996 gold pieces.
You spent 1359 gold pieces at shops.

Inventory:

Hand Weapons
 a - a +3 dagger of venom
 b - a +1 demon whip of draining (weapon)
 M - a +0 short sword of holy wrath
 Y - a +4 dagger of protection
Missiles
 l - a throwing net
 D - 135 poisoned darts (quivered)
Armour
 i - a scarf of invisibility (worn)
 k - a +0 buckler (worn)
 x - a +0 pair of boots
 A - a +0 cloak
 I - +3 swamp dragon scales (worn)
 Q - a +2 hat (worn)
 R - the +2 pair of boots of Death Resistance (worn) {+Blink +Inv rC- SInv}
   (You found it in a Gauntlet)

   It makes you vulnerable to cold.
   It lets you see invisible.
   It lets you turn invisible.
   It lets you blink.
 T - a +0 pair of gloves
 V - the +5 pair of gloves of Courage (worn) {rPois rF- Str+4 Dex+2}
   (You bought it in a shop on level 12 of the Dungeon)

   It affects your strength (+4).
   It affects your dexterity (+2).
   It makes you vulnerable to fire.
   It protects you from poison.
Jewellery
 f - an amulet of the acrobat (around neck)
 m - the ring "Vucesh" {Wiz Int+2 Dex+3}
   (You found it in a Gauntlet)

   [ring of wizardry]

   It improves your spell success rate.
   It affects your intelligence (+2).
   It affects your dexterity (+3).
 n - a +6 ring of strength (left hand)
 J - a +4 ring of protection (right hand)
Wands
 q - a wand of disintegration (16)
 u - a wand of iceblast (8)
 C - a wand of paralysis (23)
 F - a wand of flame (96)
 H - a wand of digging (16)
 O - a wand of acid (16)
 S - a wand of enslavement (4)
 U - a wand of polymorph (18)
Scrolls
 d - 4 scrolls of enchant armour
 h - 13 scrolls of remove curse
 p - 2 scrolls of teleportation
 r - 15 scrolls of identify
 t - 3 scrolls of magic mapping
 v - 4 scrolls of immolation
 G - a scroll of fear
 K - 5 scrolls of amnesia
 N - 8 scrolls of enchant weapon
 X - 2 scrolls of silence
Potions
 c - a potion of invisibility
 e - 4 potions of flight
 g - 2 potions of ambrosia
 j - 3 potions of haste
 o - 6 potions of might
 s - 8 potions of brilliance
 w - 15 potions of curing
 z - 3 potions of berserk rage
 B - 5 potions of stabbing
 E - 3 potions of lignification
 L - 4 potions of cancellation
 P - 4 potions of magic
 W - a potion of mutation
Miscellaneous
 y - a condenser vane (1/2)


   Skills:
 + Level 14.8 Fighting
 - Level 8.0 Short Blades
 - Level 4.2 Armour
 + Level 17.0 Dodging
 + Level 18.7 Stealth
 - Level 5.6 Shields
 - Level 8.1 Spellcasting
 - Level 11.7 Hexes
 - Level 5.0 Summonings
 - Level 3.0 Translocations
 - Level 5.0 Ice Magic
 - Level 7.0 Invocations
 + Level 8.3 Evocations


You had 20 spell levels left.
You knew the following spells:

 Your Spells              Type           Power        Failure   Level
a - Apportation           Tloc           ###...       4%          1
b - Ensorcelled Hibernat  Hex/Ice        #####.       1%          2
c - Confusing Touch       Hex            #####...     1%          3
d - Tukima's Dance        Hex            #####...     1%          3
e - Blink                 Tloc           N/A          8%          2
f - Call Imp              Summ           ####....     3%          2

Your spell library contained the following spells:

 Spells                   Type           Power        Failure   Level
 Corona                   Hex            #####..      1%          1
 Slow                     Hex            #####...     1%          2
 Summon Small Mammal      Summ           ####         2%          1
 Dazzling Flash           Conj/Hex       ####..       4%          3
 Fulminant Prism          Conj/Hex       ####......   16%         4
 Metabolic Englaciation   Hex/Ice        #####.....   16%         5
 Animate Skeleton         Necr           #.....       17%         1
 Beastly Appendage        Tmut           #.....       17%         1
 Magic Dart               Conj           #...         17%         1
 Shock                    Conj/Air       #...         17%         1
 Sting                    Tmut/Pois      #...         17%         1
 Poisonous Vapours        Pois/Air       #.....       26%         2
 Searing Ray              Conj           #.....       26%         2
 Swiftness                Air            #.......     26%         2
 Wereblood                Tmut           #.......     26%         2
 Conjure Flame            Conj/Fire      #.......     45%         3
 Ignite Poison            Fire/Tmut/Pois #.......     45%         3
 Mephitic Cloud           Conj/Pois/Air  #.......     45%         3
 Spider Form              Tmut/Pois      #.........   45%         3
 Static Discharge         Conj/Air       #.......     45%         3
 Ice Form                 Ice/Tmut       ###.....     52%         4
 Iskenderun's Mystic Bla  Conj/Tloc      ##......     67%         4
 Airstrike                Air            #.........   86%         4
 Olgreb's Toxic Radiance  Pois           #.......     86%         4
 Ozocubu's Refrigeration  Ice            ####......   98%         6
 Blade Hands              Tmut           #.........   99%         5
 Lightning Bolt           Conj/Air       #.........   99%         5
 Freezing Cloud           Conj/Ice/Air   ##........   100%        6
 Simulacrum               Ice/Necr       ###.......   100%        6


Dungeon Overview and Level Annotations

Branches:
Dungeon (15/15)            Temple (0/1) D:6            Lair (6/6) D:11
 Shoals (3/4) Lair:2        Snake (4/4) Lair:4        Slime (0/5) Lair:6
    Orc (2/2) D:9             Elf (0/3) Orc:2        Vaults (0/5) D:13
 Depths (0/5) D:15        Gauntlet (visited)

Altars:
Dithmenos
Elyvilon
Gozag
Makhleb
Nemelex Xobeh
Sif Muna
Yredelemnul
Beogh

Shops:
D:9 ?((   D:10 [   D:12 !}*[}   Orc:2 ([*:   Snake:3 [

Portals:
Trove: D:15 (give 4 scrolls of fear)

Annotations:
D:4 JolietJake's ghost, amateur TrFi
D:12 3 runed translucent doors
D:13 HilariousDeathArtist's ghost, journeyman VSBe
D:15 exclusion: ice statue
Snake:3 Aizul
Snake:4 exclusion: Roxanne, Roxanne


Innate Abilities, Weirdness & Mutations

You are small and have problems with some larger weapons.
You are completely attuned to the shadows.


Message History

The drowned soul touches you. The drowned soul drowns you!
* * * LOW HITPOINT WARNING * * *
The merfolk avatar is engulfed in a cloud of scalding steam.
The merfolk avatar chants its luring song.
The pull of its song draws you forwards. x2
The merfolk avatar chants its luring song.
The drowned soul is engulfed in a cloud of scalding steam.
The merfolk avatar chants its luring song.
Casting: Confusing Touch (safe; 1% risk of failure)
Confirm with . or Enter, or press ? or * to list all spells.
You blink.
Splash!
Your hands stop glowing.
The merfolk avatar chants its luring song.
The pull of its song draws you forwards. x2
The drowned soul touches you. The drowned soul drowns you!
* * * LOW HITPOINT WARNING * * *
The merfolk avatar chants its luring song.
The drowned soul touches you. The drowned soul drowns you!
You die...

≈≈≈≈≈≈≈≈≈≈
...≈≈≈≈≈≈≈
..≈≈≈≈≈≈≈≈≈
......≈≈.≈≈≈≈≈≈≈
.... ....≈≈≈≈≈≈≈≈
...##....≈≈≈≈≈≈≈
##.#......@≈W≈≈≈
#..<...).W≈≈≈≈W≈
......(.(()≈≈m≈≈≈
........≈≈)§≈≈≈≈≈
........≈≈≈..≈≈≈≈
...../..≈....≈W≈≈
...##....$≈≈≈≈
#.≈≈..≈≈≈
#.≈≈≈≈≈≈


You could see a merfolk avatar (mesmerising, drained) and 3 drowned souls.

Vanquished Creatures
  Jorgrun (Shoals:2)
  Gastronok (Lair:3)
  Agnes (D:14)
  The ghost of Golfball the Brawler, a journeyman TrMo of Okawaru (Snake:2)
  A nagaraja (Snake:1)
  Louise (Shoals:2)
  An orc warlord (Orc:2)
  An ironheart preserver (D:13)
  The ghost of Aarinfel the Bludgeoner, a journeyman GrFi of Gozag (Lair:6)
  A fire dragon (Lair:6)
  Josephine (D:13)
  2 merfolk impalers (Shoals:2)
  12 hydras
  12 naga warriors
  2 boulder beetles
  4 catoblepae
  Erica (D:9)
  A merfolk aquamancer (Shoals:1)
  2 merfolk avatars (Shoals:2)
  A satyr (Shoals:3)
  4 two-headed ogres
  13 anacondas
  An alligator snapping turtle (Shoals:2)
  6 centaur warriors
  6 death yaks
  5 shock serpents
  3 orc high priests (Orc:2)
  4 naga sharpshooters
  3 salamander mystics (Snake:4)
  5 unseen horrors
  A wizard (D:14)
  6 sea snakes
  A swamp dragon (Lair:6)
  2 lindwurms (Snake:4)
  2 naga ritualists
  3 harpies (Shoals:1)
  4 orc knights
  9 salamanders
  17 ugly things
  A deep elf mage (D:14)
  5 orc sorcerers
  9 mana vipers
  5 fauns
  8 manticores
  4 cyclopes
  7 elephants
  28 black mambas
  9 cane toads
  A water nymph (Shoals:1)
  5 guardian serpents
  2 centaur zombies
  11 naga magi
  Maggie (D:9)
  2 gargoyles
  2 centaur skeletons (D:14)
  6 rime drakes
  A redback zombie (D:15)
  9 komodo dragons
  A freezing wraith (D:15)
  6 trolls
  2 tengu conjurers
  12 merfolk
  2 polar bears
  3 wind drakes (Shoals:2)
  9 slime creatures
  14 blink frogs
  8 dream sheep
  2 hornets
  A snapping turtle (shapeshifter) (D:15)
  4 snapping turtles
  3 shadows
  9 water elementals
  7 wyverns
  6 wraiths
  44 yaks
  11 basilisks
  A steam dragon (Lair:4)
  A vampire mosquito (D:13)
  A warg (Orc:1)
  28 nagas
  3 acid dragons
  A soldier ant (D:11)
  15 water moccasins
  40 orc warriors
  2 swamp drakes (Lair:6)
  8 black bears
  3 eyes of draining
  5 ice beasts
  2 phantoms
  8 sky beasts
  3 necrophages
  6 wolves
  12 ogres
  11 centaurs
  4 big kobolds
  19 bullfrogs
  A wyvern zombie (D:14)
  5 scorpions
  A water moccasin skeleton (D:9)
  A wyvern skeleton (D:8)
  14 killer bees
  15 wights
  3 howler monkeys
  5 electric eels
  2 quasits (D:10)
  4 lava snakes
  4 jellies
  31 orc priests
  A bullfrog skeleton (D:11)
  2 bullfrog zombies
  10 hounds
  28 orc wizards
  Natasha (thrice) (D:4)
  9 iguanas
  3 hell rats (Lair:3)
  15 worker ants
  A killer bee zombie (D:6)
  A bullfrog simulacrum (Gauntlet)
  A hound zombie (D:6)
  A hound skeleton (D:7)
  A worker ant zombie (D:11)
  7 gnolls
  20 adders
  6 river rats (Lair:3)
  2 white imps
  2 ufetubi
  An ooze (D:1)
  An adder skeleton (D:7)
  2 adder zombies
  A worm (D:5)
  2 dart slugs
  4 leopard geckos
  101 orcs
  6 giant cockroaches
  8 goblins
  5 hobgoblins
  14 jackals
  7 quokkas
  4 ball pythons
  6 bats
  4 frilled lizards
  A giant cockroach zombie (D:5)
  25 kobolds
  2 leopard gecko skeletons
  A quokka skeleton (D:7)
  8 rats
978 creatures vanquished.

Vanquished Creatures (collateral kills)
  A nagaraja (Snake:2)
  A bullfrog simulacrum (Gauntlet)
2 creatures vanquished.

Vanquished Creatures (others)
  A merfolk aquamancer (Shoals:2)
  A mana viper (Snake:3)
  A dancing weapon (D:5)
  A naga (Snake:4)
  A bush (Lair:4)
  34 fungi
  67 plants
  A withered plant (Shoals:1)
107 creatures vanquished.

Grand Total: 1087 creatures vanquished

Notes
Turn   | Place    | Note
-------+----------+-------------------------------------------
     0 | D:1      | ringo67 the Kobold Enchanter began the quest for the Orb.
     0 | D:1      | Reached XP level 1. HP: 10/10 MP: 3/3
   252 | D:1      | Reached XP level 2. HP: 15/15 MP: 5/5
   256 | D:1      | Learned a level 2 spell: Ensorcelled Hibernation
   647 | D:1      | Reached XP level 3. HP: 15/19 MP: 3/6
  1699 | D:2      | Found a shadowy altar of Dithmenos.
  1721 | D:2      | Became a worshipper of Dithmenos the Shadowed
  1758 | D:2      | Reached XP level 4. HP: 18/24 MP: 7/7
  2673 | D:2      | Found an opulent altar of Gozag.
  3029 | D:3      | Found a sparkling altar of Nemelex Xobeh.
  3098 | D:3      | Reached XP level 5. HP: 28/28 MP: 9/9
  3314 | D:3      | Reached skill level 5 in Stealth
  3912 | D:4      | Found a runed translucent door.
  3915 | D:4      | Noticed JolietJake's ghost (amateur TrFi)
  4687 | D:4      | Reached XP level 6. HP: 32/32 MP: 10/10
  4755 | D:4      | Reached * piety under Dithmenos
  4948 | D:4      | Reached skill level 6 in Stealth
  5124 | D:4      | Noticed an ogre
  5130 | D:4      | Killed an ogre
  5130 | D:4      | Reached XP level 7. HP: 36/36 MP: 2/11
  5215 | D:4      | Noticed Natasha
  5218 | D:4      | Killed Natasha
  5218 | D:4      | Reached skill level 5 in Dodging
  5226 | D:4      | Found a basalt altar of Yredelemnul.
  5472 | D:4      | Noticed Natasha
  5476 | D:4      | Killed Natasha
  5481 | D:4      | Reached skill level 7 in Stealth
  5654 | D:4      | Noticed Natasha
  5667 | D:4      | Killed Natasha
  5667 | D:4      | Reached skill level 5 in Hexes
  5965 | D:5      | Entered Level 5 of the Dungeon
  6045 | D:5      | Reached XP level 8. HP: 41/41 MP: 12/12
  6183 | D:5      | Reached ** piety under Dithmenos
  6445 | D:5      | Learned a level 3 spell: Confusing Touch
  6449 | D:5      | Learned a level 3 spell: Tukima's Dance
  6516 | D:5      | Reached skill level 8 in Stealth
  6927 | D:6      | Found a staircase to the Ecumenical Temple.
  7109 | D:6      | Reached skill level 9 in Stealth
  7328 | D:6      | Reached XP level 9. HP: 28/45 MP: 2/13
  8325 | D:7      | Reached skill level 10 in Stealth
  8325 | D:7      | Reached skill level 1 in Ice Magic
  8531 | D:7      | Reached *** piety under Dithmenos
  9001 | D:7      | Found a burning altar of Makhleb.
 10519 | D:8      | Reached XP level 10. HP: 50/50 MP: 14/14
 10526 | D:8      | Reached skill level 11 in Stealth
 10983 | D:9      | Noticed Maggie
 10990 | D:9      | Killed Maggie
 11259 | D:9      | Reached skill level 1 in Fighting
 11264 | D:9      | Reached skill level 10 in Dodging
 11266 | D:9      | Reached skill level 12 in Stealth
 11610 | D:9      | Found a staircase to the Orcish Mines.
 11764 | D:9      | Found Toklishydoi's Weapon Shoppe.
 11788 | D:9      | Found Bagun's Antique Weapon Shop.
 11824 | D:9      | Noticed Erica
 12064 | D:9      | Reached **** piety under Dithmenos
 12105 | D:9      | Found a white marble altar of Elyvilon.
 12372 | D:9      | Reached XP level 11. HP: 60/60 MP: 15/15
 12486 | D:9      | Killed Erica
 12560 | D:9      | Found Waost's Magic Scroll Shop.
 12798 | D:9      | Learned a level 2 spell: Blink
 12801 | D:9      | Learned a level 2 spell: Call Imp
 12927 | D:10     | Entered Level 10 of the Dungeon
 13035 | D:10     | Reached skill level 1 in Summonings
 13036 | D:10     | Reached skill level 13 in Stealth
 13273 | D:10     | Killed an unseen horror
 13273 | D:10     | Reached skill level 5 in Fighting
 13476 | D:10     | Got an agate-encrusted leather armour
 13503 | D:10     | Identified the +3 leather armour "Fomp" {rPois rF+ Dex+4}
                  | (You found it on level 10 of the Dungeon)
 13532 | D:10     | Found Lodyxuin's Antique Armour Shoppe.
 13804 | D:10     | Reached skill level 10 in Hexes
 14323 | D:11     | Noticed an unseen horror
 14325 | D:11     | Killed an unseen horror
 14346 | D:11     | Reached ***** piety under Dithmenos
 14664 | D:10     | Identified the cursed +1 ring mail "Usannoli" {MR- Int+4
                  | SInv} (You found it on level 10 of the Dungeon)
 14679 | D:11     | Noticed a two-headed ogre
 14682 | D:11     | Killed a two-headed ogre
 14682 | D:11     | Reached skill level 1 in Shields
 14682 | D:11     | Reached XP level 12. HP: 71/71 MP: 16/16
 14692 | D:11     | Noticed a two-headed ogre
 14696 | D:11     | Killed a two-headed ogre
 14729 | D:11     | Found a staircase to the Lair.
 14968 | D:11     | Reached skill level 5 in Summonings
 15030 | D:11     | Reached skill level 1 in Translocations
 15911 | Lair:1   | Entered Level 1 of the Lair of Beasts
 15929 | Lair:1   | Noticed a six-headed hydra
 15933 | Lair:1   | Killed a six-headed hydra
 15979 | Lair:1   | Reached skill level 5 in Short Blades
 16080 | Lair:1   | Noticed a five-headed hydra
 18342 | Lair:2   | Found a gate leading to a gauntlet.
 18354 | Gauntlet | Entered a Gauntlet
 18354 | Gauntlet | Found a transporter.
 18354 | Gauntlet | Noticed a sixfirhy
 18394 | Gauntlet | Found a transporter.
 18394 | Gauntlet | Found a transporter.
 18408 | Gauntlet | Found a transporter.
 18408 | Gauntlet | Found a transporter.
 18408 | Gauntlet | Noticed a blizzard demon
 18424 | Gauntlet | Found a transporter.
 18434 | Gauntlet | Found a transporter.
 18445 | Gauntlet | Noticed a two-headed ogre
 18445 | Gauntlet | a shining eye changed into a two-headed ogre
 18472 | Gauntlet | Found a transporter.
 18472 | Gauntlet | Found a transporter.
 18486 | Gauntlet | Found a transporter.
 18486 | Gauntlet | Found a transporter.
 18502 | Gauntlet | Found a transporter.
 18731 | Gauntlet | Noticed an alligator
 18732 | Gauntlet | Got a pair of blackened boots
 18740 | Gauntlet | Noticed a glowing orange brain
 18808 | Gauntlet | Noticed a minotaur
 18816 | Gauntlet | Got a wavering wooden ring
 19119 | Lair:2   | Identified the +2 pair of boots of Death Resistance {+Blink
                  | +Inv rC- SInv} (You found it in a Gauntlet)
 19120 | Lair:2   | Identified the ring "Vucesh" {Wiz Int+2 Dex+3} (You found
                  | it in a Gauntlet)
 19228 | Lair:2   | Reached XP level 13. HP: 53/79 MP: 9/18
 19681 | Lair:2   | Found a staircase to the Shoals.
 20959 | Lair:3   | Identified the +1 leather armour "Damnable Contraption"
                  | {rF+} (You found it on level 3 of the Lair of Beasts)
 21060 | Lair:3   | Noticed Gastronok
 21087 | Lair:3   | Killed Gastronok
 21087 | Lair:3   | Reached skill level 5 in Shields
 21087 | Lair:3   | Reached skill level 5 in Spellcasting
 21131 | Lair:3   | Noticed a five-headed hydra
 21145 | Lair:3   | Killed a five-headed hydra
 21533 | Lair:3   | Noticed a four-headed hydra
 21542 | Lair:3   | Killed a four-headed hydra
 21985 | Lair:4   | Noticed a seven-headed hydra
 21989 | Lair:4   | Killed a seven-headed hydra
 21991 | Lair:4   | Noticed a four-headed hydra
 21992 | Lair:4   | Reached skill level 1 in Invocations
 21996 | Lair:4   | Killed a four-headed hydra
 22036 | Lair:4   | Noticed a catoblepas
 22070 | Lair:4   | Killed a catoblepas
 22296 | Lair:4   | Found a staircase to the Snake Pit.
 22504 | Lair:3   | Reached skill level 10 in Fighting
 23022 | Lair:4   | Noticed a four-headed hydra
 23030 | Lair:4   | Killed a four-headed hydra
 23356 | Lair:4   | Reached XP level 14. HP: 84/88 MP: 21/21
 24518 | Lair:5   | You fall into a shaft and drop 1 floor!
 24518 | Lair:6   | Entered Level 6 of the Lair of Beasts
 24521 | Lair:6   | Reached skill level 14 in Stealth
 24562 | Lair:6   | Found a runed translucent gate.
 24563 | Lair:6   | Found a runed translucent gate.
 24566 | Lair:6   | Found a runed translucent gate.
 24572 | Lair:6   | Noticed Aarinfel's ghost (journeyman GrFi)
 24590 | Lair:6   | Killed Aarinfel's ghost
 24714 | Lair:6   | Reached skill level 5 in Invocations
 25686 | Lair:6   | Found a staircase to the Slime Pits.
 25703 | Lair:6   | Reached skill level 1 in Armour
 25991 | Lair:6   | Reached skill level 1 in Evocations
 26246 | Lair:6   | Reached ****** piety under Dithmenos
 27569 | Orc:1    | Entered Level 1 of the Orcish Mines
 27794 | Orc:1    | Found a roughly hewn altar of Beogh.
 28120 | Orc:2    | Entered Level 2 of the Orcish Mines
 28283 | Orc:2    | Reached skill level 15 in Stealth
 28479 | Orc:2    | Reached XP level 15. HP: 94/94 MP: 17/22
 28805 | Orc:2    | Found a staircase to the Elven Halls.
 30771 | Orc:2    | Reached skill level 5 in Evocations
 31006 | Orc:2    | Noticed an orc warlord
 31341 | Orc:2    | Killed an orc warlord
 31481 | Orc:2    | Found Cageo's Antique Armour Emporium.
 31481 | Orc:2    | Found Deilla Calo's Antique Weapon Shoppe.
 31491 | Orc:2    | Found Neom Ykh's General Store.
 31492 | Orc:2    | Found Fazobof's Book Emporium.
 31500 | Orc:2    | Bought a scroll of acquirement for 572 gold pieces
 31500 | Orc:2    | Acquired 1022 gold pieces
 31845 | D:12     | Found Oczesh's Antique Armour Boutique.
 31855 | D:12     | Bought a pair of jewelled gloves for 275 gold pieces
 31855 | D:12     | Identified the +5 pair of gloves of Courage {rPois rF-
                  | Str+4 Dex+2} (You bought it in a shop on level 12 of the
                  | Dungeon)
 31868 | D:12     | Found Eptyhahy's Assorted Antiques.
 31905 | D:12     | Bought a scroll labeled RUHOOF PORE for 33 gold pieces
 31906 | D:12     | Bought a scroll labeled COIMMOL VO EKU for 33 gold pieces
 31907 | D:12     | Bought a ring of protection for 66 gold pieces
 31998 | D:12     | Found a runed translucent gate.
 31999 | D:12     | Found a runed translucent gate.
 32030 | D:12     | Noticed a cyan very ugly thing
 32032 | D:12     | Found a runed translucent gate.
 32086 | D:12     | Found Kenoity's Gadget Shoppe.
 32207 | D:12     | Found Bicalaot's Distillery.
 32247 | D:12     | Bought a potion of heal wounds for 60 gold pieces
 32293 | D:12     | Found Gazuamna's Gadget Emporium.
 32301 | D:12     | Bought a condenser vane (2/2) for 320 gold pieces
 32426 | D:13     | Found a transporter.
 32469 | D:13     | Found a transporter.
 32469 | D:13     | Noticed HilariousDeathArtist's ghost (journeyman VSBe)
 32562 | D:13     | Noticed Josephine
 32567 | D:13     | Killed Josephine
 33123 | D:13     | Found a gate to the Vaults.
 33123 | D:13     | Noticed an ironheart preserver
 33137 | D:13     | Killed an ironheart preserver
 33506 | D:14     | Noticed Agnes
 33510 | D:14     | Killed Agnes
 33510 | D:14     | Reached XP level 16. HP: 101/101 MP: 25/25
 33576 | D:14     | Reached skill level 16 in Stealth
 34358 | D:14     | Found a basalt altar of Yredelemnul.
 34397 | D:14     | Found a shimmering blue altar of Sif Muna.
 34522 | D:15     | Entered Level 15 of the Dungeon
 34903 | D:15     | Found a portal to a secret trove of treasure.
 35034 | D:15     | Found a staircase to the Depths.
 35802 | Snake:1  | Entered Level 1 of the Snake Pit
 36017 | Snake:1  | Reached skill level 15 in Dodging
 36354 | Lair:4   | Reached skill level 17 in Stealth
 36912 | Snake:1  | Noticed a nagaraja
 37605 | Snake:1  | Reached XP level 17. HP: 102/108 MP: 24/29
 39633 | Snake:2  | Noticed Golfball's ghost (journeyman TrMo)
 39635 | Snake:2  | Found a runed translucent gate.
 39640 | Snake:2  | Found a runed translucent gate.
 39641 | Snake:2  | Found a runed translucent gate.
 40809 | Snake:2  | Killed Golfball's ghost
 42324 | Snake:3  | Found Simnum's Armour Shoppe.
 42362 | Snake:3  | Reached skill level 5 in Ice Magic
 43808 | Snake:4  | Entered Level 4 of the Snake Pit
 43943 | Snake:4  | Noticed Aizul
 44936 | Snake:4  | Reached XP level 18. HP: 112/116 MP: 11/30
 45059 | Snake:4  | Identified Roxanne's Almanac of the Mountains
 45059 | Snake:4  | Noticed Roxanne
 46015 | Snake:3  | Reached skill level 18 in Stealth
 46913 | Shoals:1 | Entered Level 1 of the Shoals
 50519 | Shoals:2 | Learned a level 1 spell: Apportation
 50750 | Shoals:2 | Noticed Louise
 50754 | Shoals:2 | Killed Louise
 50814 | Shoals:2 | Noticed Jorgrun
 50818 | Shoals:2 | Killed Jorgrun
 51104 | Shoals:3 | Drowned by a drowned soul

Illustrated notes

Levels and vault maps discovered:
D:1:      lemuel_arrival_muddy, layout_basic
D:2:      layout_loops_corners, nicolae_dithmenos_shadow_blocks,
          grunt_gozag_statues, serial_bayou_pond_e
D:3:      layout_basic, nemelex_xobeh_ov_fountains_minmay
D:4:      layout_loops_ring, nicolae_overflow_hidden_temple,
          ebering_ghost_sewer_d, uniq_natasha
D:5:      layout_rooms
D:6:      layout_loops_cross, minmay_temple_entry_tees
D:7:      layout_layer_cave, makhleb_blood_cavern_becter
D:8:      layout_basic
D:9:      layout_long_grid, lemuel_doored_altar, orc_0_dummy, serial_shops,
          nicolae_shop_temple_entry_statues_fountains, nicolae_shop_stone, shop,
          kennysheep_generic_room_5, uniq_maggie, uniq_erica
D:10:     layout_rooms, serial_shops, shop, nicolae_sextant, kennysheep_dice
D:11:     layout_cave_pools, david_lair_generic, corexii_hall_statues_l,
          minmay_lindwurm_lava
D:12:     layout_roguey, serial_shops, shop, shop, shop, nicolae_shop_crystal,
          shop, ploomutoo_gammafunk_ghost_potion_laboratory
D:13:     layout_loops_ring, skrybe_vaults_entry_preservation,
          gammafunk_ghost_mausoleum, uniq_josephine
D:14:     layout_cave_pools, yredelemnul_altar_generic, lemuel_blue_sif_altar,
          uniq_agnes
D:15:     hangedman_depths_entry_try_elsewhere_first, layout_cross,
          trove_entry_hex_spiral, minmay_misc_feat_cross, minivault_16
Lair:1:   layout_layer_cave, nicolae_lair_grove_arrangements,
          infiniplex_staircase_pool_2
Lair:2:   layout_roguey, elwin_shoals_entry_rooms, gauntlet_entry_generic
Lair:3:   layout_cave_pods, kennysheep_abandoned_house, uniq_gastronok
Lair:4:   layout_loops_ring, guppyfry_snake_entry_garden
Lair:5:   layout_cave_pods, mumra_transporter_accident, serial_bayou_pond_d,
          chequers_serial_rivers_small_3
Lair:6:   guppyfry_lair_end_dragon, layout_gridlike, slime_dummy,
          ebering_ghost_rock_garden, serial_bayou_pond_b, lemuel_fruit_fields
Shoals:1: layout_shoals, ldierk_geyser, argonaut_gorgonesque
Shoals:2: layout_shoals, uniq_jorgrun, uniq_louise
Shoals:3: layout_shoals
Snake:1:  layout_gridlike
Snake:2:  layout_rooms, gammafunk_ghost_split
Snake:3:  layout_basic, serial_shops, nicolae_shop_statue_plus, abandoned_shop
Snake:4:  snake_pit_salamanders_mu, layout_cave_town, gammafunk_ghost_cemetery,
          st_stairs_4, nicolae_snake_double_loop, drop_trap,
          nicolae_snake_lava_pool, uniq_roxanne, uniq_saint_roka, uniq_aizul
Orc:1:    layout_caves, mines1_david
Orc:2:    st_orc_congregation, layout_diamond_mine

Skill      XL: |  1  2  3  4  5  6  7  8  9 10 11 12 13 14 15 16 17 18 |
---------------+-------------------------------------------------------+-----
Short Blades   | 2 6 7 8 |  8.0
Dodging        | 3 4 5 7 9 10 11 12 14 15 16 17 | 17.0
Spellcasting   | 3 5 6 8 |  8.1
Stealth        | 5 6 7 9 10 12 13 15 17 18 | 18.7
Hexes          | 4 5 6 7 9 10 11 | 11.7
Ice Magic      | 2 3 5 |  5.0
Fighting       | 3 6 8 10 11 13 14 | 14.8
Summonings     | 4 5 |  5.0
Shields        | 1 4 5 |  5.6
Translocations | 2 3 |  3.0
Invocations    | 3 6 7 |  7.0
Armour         | 2 4 |  4.2
Evocations     | 3 5 7 8 |  8.3

Action                   |  1- 3 |  4- 6 |  7- 9 | 10-12 | 13-15 | 16-18 || total
-------------------------+-------+-------+-------+-------+-------+-------++-------
Melee: Dagger            |    84 |   155 |   304 |   493 |   940 |   918 ||  2894
       Demon whip        |       |       |       |       |   454 |   373 ||   827
Throw: Dart              |       |       |       |    16 |    11 |     4 ||    31
 Cast: Ensorcelled Hiber |     6 |    20 |    62 |   138 |   167 |   247 ||   640
       Confusing Touch   |       |       |     6 |    15 |     5 |    24 ||    50
       Tukima's Dance    |       |       |     1 |       |       |       ||     1
       Call Imp          |       |       |       |     5 |     2 |    41 ||    48
       Blink             |       |       |       |     5 |     1 |    14 ||    20
Invok: Shadow Step       |       |       |       |     1 |       |       ||     1
       Shadow Form       |       |       |       |       |       |     3 ||     3
Evoke: Wand              |       |       |       |     1 |       |     5 ||     6
       Condenser vane    |       |       |       |       |       |     1 ||     1
  Use: Scroll            |       |       |       |    38 |    13 |     6 ||    57
       Potion            |       |       |       |     2 |     4 |     3 ||     9
 Stab: Sleeping          |    24 |    34 |    71 |   120 |   189 |   195 ||   633
       Distracted        |       |       |     1 |     1 |    16 |    11 ||    29
       Confused          |       |       |     6 |    13 |     7 |    26 ||    52
       Petrified         |       |       |       |       |       |     3 ||     3
Armor: Robe              |    11 |     7 |    19 |     1 |       |       ||    38
       Swamp dragon scal |       |       |       |   131 |   180 |   215 ||   526
Dodge: Dodged            |    43 |    99 |   271 |   735 |   893 |  1215 ||  3256
Block: Buckler           |       |       |       |       |   391 |   431 ||   822

Table legend: (Time is in decaauts)
 A = Elapsed time spent in this place.
 B = Non-inter-level travel time spent in this place.
 C = Inter-level travel time spent in this place.
 D = Time resting spent in this place.
 E = Time spent auto-exploring this place.
 F = Levels seen in this place.
 G = Mean time per level.
                   A        B        C        D        E       F      G
               +--------+--------+--------+--------+--------+-----+--------+
         Total |  50728 |  48967 |   1761 |  15458 |  22073 |  31 | 1636.4 |
       Dungeon |  20156 |  19445 |    711 |   3847 |  11249 |  15 | 1343.7 |
          Lair |  12426 |  11843 |    583 |   3744 |   5694 |   6 | 2071.0 |
        Shoals |   3861 |   3749 |    112 |   1326 |   1471 |   3 | 1287.0 |
     Snake Pit |  10055 |   9807 |    248 |   5492 |   2178 |   4 | 2513.8 |
  Orcish Mines |   3766 |   3661 |    105 |   1049 |   1481 |   2 | 1883.0 |
      Gauntlet |    461 |    461 |      0 |      0 |      0 |   1 |  461.0 |
               +--------+--------+--------+--------+--------+-----+--------+

Top non-repeatable levels by time:
 Snake:1: 3404 daAuts
 Snake:2: 2636 daAuts
  Lair:4: 2494 daAuts
   Orc:2: 2369 daAuts
  Lair:2: 2269 daAuts
  Lair:1: 2248 daAuts
Shoals:1: 2220 daAuts
 Snake:3: 2161 daAuts
  Lair:3: 2115 daAuts
  Lair:6: 2102 daAuts
     D:4: 2015 daAuts
     D:9: 1939 daAuts
    D:11: 1884 daAuts
 Snake:4: 1853 daAuts
     D:7: 1788 daAuts
